 Dungeon Crawl Stone Soup version 0.26-b1-32-g5d43845318 (webtiles) character file.

Game seed: 7326037808645463196

105 Borgoz the Ducker (level 4, -11/38 HPs)
             Began as a Ghoul Gladiator on Jan 13, 2021.
             Killed by divine providence
             ... invoked by an orc priest
              (12 damage)
             ... on level 3 of the Dungeon.
             The game lasted 00:02:13 (1512 turns).

Borgoz the Ducker (Ghoul Gladiator)                 Turns: 1512, Time: 00:02:14

Health: -11/38     AC: 11    Str: 17    XL:     4   Next: 83%
Magic:  0/3        EV:  8    Int:  3    God:
Gold:   70         SH:  0    Dex: 11    Spells: 3/3 levels left

rFire    . . .     SeeInvis .   a - +0 flail
rCold    + . .     Faith    .   (no shield)
rNeg     + + +     Spirit   +   i - +0 chain mail (curse)
rPois    ∞         Reflect  .   c - +0 helmet
rElec    .         Harm     .   b - +1 cloak
rCorr    .         Rampage  .   (no gloves)
Will     .....                  (no boots)
Stlth    ..........             g - amulet of guardian spirit
HPRegen  0.00/turn              (no ring)
MPRegen  0.08/turn              (no ring)

@: brilliant
A: claws 1, cold resistance 1, negative energy resistance 3, inhibited
regeneration, torment resistance, unbreathing
a: no special abilities


You were on level 3 of the Dungeon.
You visited 1 branch of the dungeon, and saw 3 of its levels.

You collected 70 gold pieces.

Inventory:

Hand Weapons
 a - a +0 flail (weapon)
Missiles
 d - 3 throwing nets (quivered)
Armour
 b - a +1 cloak (worn)
 c - a +0 helmet (worn)
 i - a cursed +0 chain mail (worn)
 j - a +1 leather armour of positive energy
Jewellery
 g - an amulet of guardian spirit (around neck)
Potions
 e - a potion of lignification
 f - a potion of might


   Skills:
 * Level 3.3 Fighting
 * Level 3.3 Maces & Flails
 - Level 1.7 Throwing
 * Level 1.6 Armour
 * Level 3.3 Dodging


You had 3 spell levels left.
You didn't know any spells.
Your spell library was empty.

Dungeon Overview and Level Annotations

Branches:
Dungeon (3/15)

Altars:
Makhleb
Wu Jian
Zin


Innate Abilities, Weirdness & Mutations

You thrive by killing the living.
You are immune to poison.
You have sharp fingernails.
Your flesh is cold resistant. (rC+)
You are immune to negative energy. (rN+++)
You do not regenerate when monsters are visible.
You are immune to unholy pain and torment.
You can survive without breathing.


Message History

The orc wizard closely misses you. The orc completely misses you.
It was a potion of brilliance.
You feel clever all of a sudden. The orc hits you but does no damage.
The orc wizard casts a spell at you.
The magic dart hits you but does no damage.
The orc priest hits you but does no damage.
The orc barely misses you. The orc hits you but does no damage.
It was a potion of curing.
You feel better.
The orc wizard hits you but does no damage.
You are electrocuted!
* * * LOW HITPOINT WARNING * * *
The orc barely misses you. x2
The orc wizard hits you but does no damage.
The orc priest hits you but does no damage.
The orc hits you but does no damage. The orc hits you but does no damage. x2
The orc priest calls down the wrath of Beogh upon you.
Beogh smites you!
You die...

#.# #........
#########.###.....# ###
#.................##...
#.........###..........
#.........# #...(###.#.
######...# #.######.#.
####...# #.....##.#.
#......# #####.##.#<
#..@.##.... #[##.#.
#.oo.# .### #....#.
#..oo# .# ###....
#..o.# .# #.####....
#....# ...........
#..... ...........
.....## .#+########
....... #.... ........
#.###


You could see an orc priest, an orc wizard (fast) and 3 orcs.

Vanquished Creatures
  A hound zombie (D:3)
  4 adders (D:2)
  2 dart slugs
  A leopard gecko (D:3)
  3 bats (D:1)
  2 giant cockroaches (D:1)
  9 goblins
  3 hobgoblins (D:2)
  7 jackals (D:2)
  5 kobolds
  A quokka (D:3)
  A ball python (D:2)
  4 frilled lizards
  7 rats
50 creatures vanquished.

Notes
Turn   | Place    | Note
-------+----------+-------------------------------------------
     0 | D:1      | Borgoz the Ghoul Gladiator began the quest for the Orb.
     0 | D:1      | Reached XP level 1. HP: 17/17 MP: 0/0
   117 | D:1      | Reached XP level 2. HP: 25/25 MP: 1/1
   836 | D:2      | Reached skill level 1 in Armour
   836 | D:2      | Reached XP level 3. HP: 8/30 MP: 0/2
   839 | D:2      | HP: 1/30 [jackal (2)]
   950 | D:2      | Reached XP level 4. HP: 36/38 MP: 1/3
  1066 | D:2      | Found a faded altar of an unknown god.
  1160 | D:2      | Found a burning altar of Makhleb.
  1204 | D:2      | Found an ornate altar of the Wu Jian Council.
  1257 | D:2      | Found a glowing silver altar of Zin.
  1510 | D:3      | HP: 1/38 [orc wizard/+1 dagger of electrocution (15)]
  1512 | D:3      | Killed from afar by an orc priest

Illustrated notes

Levels and vault maps discovered:
D:1:      noname_arrival_rooms_in_the_neighbourhood, layout_loops_ring,
          serial_glass, glass_columns_b, glass_columns_c
D:2:      layout_rooms, lemuel_doored_altar, marbit_many_paths,
          pdpol_wu_jian_five_deadly_venoms, chequers_ecumenical_altar_simple
D:3:      layout_basic, grunt_temple_overflow_holy_war,
          chequers_hall_statues_corner_a

Skill      XL: |  1  2  3 |
---------------+----------+-----
Armour         | 1 |  1.6
Dodging        | 3 |  3.3
Maces & Flails | 3 |  3.3
Fighting       | 3 |  3.3
Throwing       | |  1.7

Action                   |  1- 3 |  4- 6 || total
-------------------------+-------+-------++-------
Melee: Flail             |   120 |    76 ||   196
  Use: Potion            |     3 |     3 ||     6
       Scroll            |       |     2 ||     2
Armor: Leather armour    |    25 |       ||    25
       Chain mail        |    88 |    70 ||   158
Dodge: Dodged            |    83 |    54 ||   137
